[Event "Titled Tuesday Blitz October 25 Late 2022"]
[White "Phillips, Rene"]
[Black "Weisz, Bryan"]
[WhiteFideId "2056275"]
[BlackFideId "30934133"]
[WhiteElo "2030"]
[BlackElo "2245"]
[Result "0-1"]
[Round "05"]
[TimeControl "180+1"]
[Date "2022.10.26"]
[WhiteClock "0:00:19"]
[BlackClock "0:00:12"]

1. Nf3 f6 2. d4 d5 3. Bf4 Nc6 4. e3 g5 5. Bg3 h5 6. h3 Nh6 7. Bd3 Nf5 8. Nc3 Nxg3 9. Bg6+ Kd7 10. fxg3 e6 11. Nd2 Bd6 12. Nb3 Bxg3+ 13. Kd2 b6 14. Bxh5 Ba6 15. Qf3 Bd6 16. Rad1 Kc8 17. g4 Kb7 18. Kc1 Rh6 19. Na4 Bb5 20. Nc3 Bc4 21. Bf7 Qe7 22. Bh5 a5 23. Nd2 b5 24. Nxc4 bxc4 25. a3 Rb8 26. e4 Bf4+ 27. Kb1 Ka8 28. Ka2 Rhh8 29. exd5 Rxb2+ 30. Kxb2 Rb8+ 31. Ka2 Nb4+ 32. Ka1 Nxc2+ 33. Ka2 Qxa3# 0-1


[Site "https://www.chess.com"]

[Event "Titled Tuesday Blitz October 25 Late 2022"]
[White "Potapova, Margarita"]
[Black "Almedina Ortiz, Edgardo J."]
[WhiteFideId "14126869"]
[BlackFideId "3100197"]
[WhiteElo "2150"]
[BlackElo "2217"]
[Result "1-0"]
[Round "05"]
[TimeControl "180+1"]
[Date "2022.10.26"]
[WhiteClock "0:01:52"]
[BlackClock "0:00:02"]

1. d4 Nf6 2. c4 e6 3. Nc3 Bb4 4. Qc2 O-O 5. Nf3 b6 6. e4 Bxc3+ 7. bxc3 Ne8 8. Bd3 Nc6 9. O-O Ba6 10. e5 f5 11. exf6 Nxf6 12. Ng5 h6 13. Nh7 Nxh7 14. Bxh7+ Kh8 15. Be4 Bxc4 16. Re1 Qf6 17. Be3 Rae8 18. Qd1 d5 19. Bb1 e5 20. dxe5 Rxe5 21. Qc2 Kg8 22. Qh7+ Kf7 23. Bc2 Rfe8 24. h3 Na5 25. Ba4 b5 26. Bd1 c6 27. Qc2 a6 28. Bf3 Nb7 29. Red1 1-0


[Site "https://www.chess.com"]

[Event "Titled Tuesday Blitz October 25 Late 2022"]
[White "Rasulov, Vugar"]
[Black "Fernandez De La Vara, Arnaldo"]
[WhiteFideId "13402390"]
[BlackFideId "3518388"]
[WhiteElo "2509"]
[BlackElo "2387"]
[Result "1-0"]
[Round "05"]
[TimeControl "180+1"]
[Date "2022.10.26"]
[WhiteClock "0:00:36"]
[BlackClock "0:00:25"]

1. e4 c5 2. Nf3 e6 3. d4 cxd4 4. Nxd4 a6 5. Nc3 Qc7 6. g3 Nf6 7. Bg2 Nc6 8. O-O d6 9. Re1 Be7 10. Nxc6 bxc6 11. e5 dxe5 12. Rxe5 Nd5 13. Nxd5 cxd5 14. Bf4 Bd6 15. Qxd5 Bxe5 16. Qxe5 Qxe5 17. Bxe5 Ra7 18. Bxg7 Rg8 19. Be5 Ke7 20. c4 f6 21. Bc3 Rd7 22. Re1 Bb7 23. Bh3 Rgd8 24. Rxe6+ Kf8 25. Rxf6+ Rf7 26. Rxf7+ Kxf7 27. Bg4 Be4 28. f4 Bb1 29. a3 Bd3 30. c5 Be4 31. Kf2 Kg6 32. Ke3 Re8 33. Be5 Bf5 34. Bf3 Rc8 35. c6 Kf7 36. c7 Ke6 37. Bb7 Kd7 38. Bxc8+ Kxc8 39. b4 h5 40. Kd4 Kd7 41. Kc5 Bd3 42. Kb6 Kc8 43. a4 Bc2 44. b5 axb5 45. axb5 Be4 46. Kc5 Kd7 47. b6 Bb7 48. f5 Ke7 49. h3 Kf7 50. g4 hxg4 51. hxg4 Ke7 52. g5 Bc8 53. g6 Bxf5 54. b7 1-0


[Site "https://www.chess.com"]

[Event "Titled Tuesday Blitz October 25 Late 2022"]
[White "Rodriguez Santiago, Jaime"]
[Black "Miszler, Levente"]
[WhiteFideId "3100898"]
[BlackFideId "763276"]
[WhiteElo "2025"]
[BlackElo "2176"]
[Result "0-1"]
[Round "05"]
[TimeControl "180+1"]
[Date "2022.10.26"]
[WhiteClock "0:00:27"]
[BlackClock "0:00:49"]

1. Nf3 Nf6 2. g3 e6 3. Bg2 d5 4. c4 Be7 5. O-O O-O 6. b3 c6 7. Bb2 Re8 8. d3 Nbd7 9. e3 b6 10. Qe2 Bb7 11. Nc3 e5 12. Rad1 d4 13. Nb1 c5 14. h3 Qc7 15. e4 Nf8 16. Bc1 Ng6 17. Nh2 Bd6 18. h4 Rf8 19. h5 Ne7 20. f4 Nd7 21. f5 f6 22. Qg4 Kf7 23. h6 Rg8 24. hxg7 Rxg7 25. Qh5+ Kg8 26. Bh6 Rxg3 27. Ng4 Kh8 28. Kf2 Rxg4 29. Qxg4 Rg8 30. Qh4 Nxf5 31. exf5 Rxg2+ 32. Ke1 e4 33. Rd2 Bg3+ 34. Qxg3 Qxg3+ 35. Kd1 Rxd2+ 36. Nxd2 e3 0-1


[Site "https://www.chess.com"]

[Event "Titled Tuesday Blitz October 25 Late 2022"]
[White "Romero Ruscalleda, Josep"]
[Black "Jaferian, Koosha"]
[WhiteFideId "2231859"]
[BlackFideId "12507440"]
[WhiteElo "2337"]
[BlackElo "2127"]
[Result "0-1"]
[Round "05"]
[TimeControl "180+1"]
[Date "2022.10.26"]
[WhiteClock "0:00:52"]
[BlackClock "0:00:49"]

1. e4 c6 2. Nc3 d5 3. Nf3 Bg4 4. h3 Bxf3 5. Qxf3 e6 6. d4 dxe4 7. Qxe4 Nf6 8. Qd3 Na6 9. a3 Nc7 10. g3 Bd6 11. Bg2 O-O 12. O-O h6 13. Re1 Ncd5 14. Ne4 Nxe4 15. Bxe4 Nf6 16. Bg2 Bc7 17. c3 c5 18. Be3 Nd5 19. Bd2 cxd4 20. Qxd4 Bb6 21. Qg4 Qf6 22. Rad1 Bxf2+ 23. Kh2 Bxe1 24. Rxe1 Rad8 25. Rf1 Qg6 26. Qh4 Nf6 27. Be3 b6 28. Bd4 Nd5 29. Be4 f5 30. Bf3 Qg5 31. Rg1 Qxh4 32. gxh4 Rd7 33. Be2 Re8 34. Bb5 Ree7 35. Bxd7 Rxd7 36. Rg6 Nf4 37. Rg3 Ne2 38. Re3 Nxd4 39. cxd4 Rxd4 40. Rxe6 Rd2+ 41. Kg3 Rxb2 42. Kf4 Kf7 43. Re3 g6 44. Ke5 Rd2 45. h5 Rf2 46. hxg6+ Kxg6 47. Rg3+ Kf7 48. Rc3 Kg6 49. Rc7 Re2+ 50. Kf4 Re4+ 51. Kf3 Ra4 52. Rc6+ Kg5 53. Rc3 b5 54. Kg3 h5 55. h4+ Rxh4 56. Rc7 Rg4+ 57. Kf3 Ra4 58. Rg7+ Kf6 59. Rb7 Rxa3+ 60. Kf4 Ra4+ 61. Kf3 a6 62. Rb6+ Ke5 63. Rh6 Ra3+ 64. Ke2 b4 65. Rxh5 a5 66. Kd2 Ke4 67. Rh8 f4 68. Re8+ Kf3 69. Rf8 Ra2+ 70. Kd3 b3 71. Kc3 a4 72. Rg8 b2 73. Kc2 a3 74. Rb8 Ra1 75. Rb3+ Kg4 0-1


[Site "https://www.chess.com"]

[Event "Titled Tuesday Blitz October 25 Late 2022"]
[White "Rostomyan, Mikayel"]
[Black "Pinero Rodriguez, Carlos Jose"]
[WhiteFideId "13313754"]
[BlackFideId "3901726"]
[WhiteElo "2018"]
[BlackElo "2146"]
[Result "1-0"]
[Round "05"]
[TimeControl "180+1"]
[Date "2022.10.26"]
[WhiteClock "0:00:30"]
[BlackClock "0:00:25"]

1. d4 Nf6 2. Nf3 e6 3. c4 Bb4+ 4. Bd2 Qe7 5. a3 Bxd2+ 6. Qxd2 O-O 7. Nc3 d6 8. g4 c6 9. g5 Nfd7 10. h4 e5 11. e3 e4 12. Nh2 f5 13. Bg2 Na6 14. O-O-O Nc7 15. f3 exf3 16. Nxf3 d5 17. cxd5 cxd5 18. h5 Nb6 19. g6 h6 20. Ne5 Be6 21. Kb1 Rac8 22. Rc1 Qd6 23. Rhf1 Nd7 24. Nxd7 Qxd7 25. Rf4 b6 26. Rcf1 Rf6 27. Qf2 Rcf8 28. Bh3 Nb5 29. Nxb5 Qxb5 30. Ka1 Rc8 31. Bxf5 Bxf5 32. Rxf5 Rcf8 33. Qc2 Rxf5 34. Rxf5 Re8 35. Qc7 1-0


[Site "https://www.chess.com"]

[Event "Titled Tuesday Blitz October 25 Late 2022"]
[White "Rustemov, Alexander"]
[Black "Borisova, Ekaterina"]
[WhiteFideId "4119002"]
[BlackFideId "34124184"]
[WhiteElo "2787"]
[BlackElo "2134"]
[Result "1-0"]
[Round "05"]
[TimeControl "180+1"]
[Date "2022.10.26"]
[WhiteClock "0:00:31"]
[BlackClock "0:00:01"]

1. d4 Nf6 2. c4 e6 3. Nf3 d5 4. Nc3 dxc4 5. e4 b5 6. e5 Nd5 7. Nxb5 Nb6 8. Be3 Nc6 9. a3 Rb8 10. Qc2 Ba6 11. Nc3 Be7 12. Be2 O-O 13. O-O Na5 14. Ne4 h6 15. Rad1 Nd5 16. Bc1 Qe8 17. Rfe1 Qc6 18. Ng3 Bb5 19. Qe4 Ba4 20. Qg4 Kh7 21. Qh5 Qe8 22. Rd2 f5 23. exf6 Qxh5 24. Nxh5 gxf6 25. Bd1 Bxd1 26. Rdxd1 Kg6 27. g4 Kf7 28. h3 Nb3 29. Bxh6 Rh8 30. Be3 Rbg8 31. Kf1 f5 32. Ne5+ Ke8 33. f3 fxg4 34. fxg4 Rf8+ 35. Kg2 Rhg8 36. Ng3 Bh4 37. Nxc4 a5 38. Rd3 1-0


[Site "https://www.chess.com"]

[Event "Titled Tuesday Blitz October 25 Late 2022"]
[White "Sabar, Ethmane Daouda"]
[Black "Yano, William Jorge Froes"]
[WhiteFideId "19600097"]
[BlackFideId "2112949"]
[WhiteElo "1950"]
[BlackElo "2122"]
[Result "1-0"]
[Round "05"]
[TimeControl "180+1"]
[Date "2022.10.26"]
[WhiteClock "0:00:23"]
[BlackClock "0:00:12"]

1. b3 Nf6 2. Bb2 d5 3. e3 c5 4. f4 Nc6 5. Bb5 a6 6. Bxc6+ bxc6 7. Nf3 g6 8. Ne5 Qc7 9. O-O Bg7 10. d3 O-O 11. Nd2 a5 12. a4 Rb8 13. Ndf3 Bg4 14. Qd2 Bxf3 15. Rxf3 c4 16. dxc4 dxc4 17. Nxc4 Ne4 18. Qc1 Nc3 19. Kh1 Rfd8 20. Qe1 Ne4 21. Bxg7 Kxg7 22. Qxa5 Qxa5 23. Nxa5 Rd2 24. Nxc6 Rc8 25. Nd4 f6 26. Rc1 e5 27. fxe5 fxe5 28. Ne6+ Kg8 29. Rcf1 h5 30. Rf8+ Rxf8 31. Rxf8+ Kh7 32. Rf7+ Kh6 33. h4 Rxc2 34. Nf8 Nf2+ 35. Kg1 1-0


[Site "https://www.chess.com"]

[Event "Titled Tuesday Blitz October 25 Late 2022"]
[White "Sala, Giulia"]
[Black "Szente Varga, Fruzsina"]
[WhiteFideId "2840451"]
[BlackFideId "712264"]
[WhiteElo "1769"]
[BlackElo "1994"]
[Result "0-1"]
[Round "05"]
[TimeControl "180+1"]
[Date "2022.10.26"]
[WhiteClock "0:01:51"]
[BlackClock "0:01:01"]

1. e4 Nf6 2. Nc3 d5 3. exd5 Nxd5 4. Bc4 c6 5. Qf3 e6 6. Nge2 Be7 7. O-O O-O 8. d4 Nd7 9. Bf4 N7b6 10. Bb3 a5 11. a4 Nxf4 12. Qxf4 Nd5 13. Qg3 Bd6 14. f4 Qf6 15. Ne4 Qe7 16. Rae1 Bc7 17. Qh3 f5 18. c4 fxe4 19. cxd5 exd5 20. Qh5 Qf7 21. Qxf7+ Rxf7 22. Ng3 Rxf4 23. Rxf4 Bxf4 24. Nxe4 Bf5 25. Nc5 b6 26. Ne6 Re8 27. Nxf4 Rxe1+ 28. Kf2 Re4 29. Nxd5 cxd5 30. Bxd5+ Kf8 31. Bxe4 Bxe4 32. g3 Ke7 33. Ke3 Bc2 34. Kf4 Bxa4 35. Ke5 Bc6 36. d5 Bb5 37. d6+ Kd7 38. h4 Bc6 39. g4 g6 40. h5 gxh5 41. gxh5 h6 42. Kf6 Bf3 43. Kg6 Kxd6 44. Kxh6 b5 45. Kg6 Bxh5+ 46. Kxh5 b4 47. Kg4 a4 0-1


[Site "https://www.chess.com"]

[Event "Titled Tuesday Blitz October 25 Late 2022"]
[White "Salimova, Nurgyul"]
[Black "Moreno Perez, Tobias Sebastian"]
[WhiteFideId "2915138"]
[BlackFideId "186716"]
[WhiteElo "2315"]
[BlackElo "2484"]
[Result "1-0"]
[Round "05"]
[TimeControl "180+1"]
[Date "2022.10.26"]
[WhiteClock "0:00:03"]
[BlackClock "0:00:01"]

1. e4 c6 2. d4 d5 3. Nc3 dxe4 4. Nxe4 Nf6 5. Nxf6+ exf6 6. c3 Bd6 7. Bd3 O-O 8. Qc2 Re8+ 9. Ne2 h5 10. O-O h4 11. h3 Nd7 12. Bd2 Nf8 13. Rae1 Bc7 14. f4 g6 15. Kh1 f5 16. Ng1 Ne6 17. Qc1 c5 18. Nf3 cxd4 19. cxd4 Bb6 20. Bc3 Qd6 21. Re5 Bd7 22. d5 Nc5 23. Bc4 Ne4 24. Re1 Rac8 25. b3 Bf2 26. R1xe4 fxe4 27. Ng5 Bf5 28. Qb2 e3 29. a3 f6 30. Rxe8+ Rxe8 31. Bxf6 Bg3 32. Nf3 Qxf4 33. Bg5 Qe5 34. Nxe5 Bxe5 35. Qe2 Bg3 36. Bxe3 1-0


[Site "https://www.chess.com"]

[Event "Titled Tuesday Blitz October 25 Late 2022"]
[White "Sanal, Vahap"]
[Black "Ernst, Sipke"]
[WhiteFideId "6300545"]
[BlackFideId "1004689"]
[WhiteElo "2574"]
[BlackElo "2438"]
[Result "1-0"]
[Round "05"]
[TimeControl "180+1"]
[Date "2022.10.26"]
[WhiteClock "0:01:20"]
[BlackClock "0:00:15"]

1. Nf3 d5 2. b3 Nf6 3. Bb2 g6 4. g3 Bg7 5. Bg2 O-O 6. c4 c6 7. O-O Bg4 8. d3 Nbd7 9. Nbd2 a5 10. a3 e6 11. Qc2 Qb8 12. Rab1 Rc8 13. Rfc1 Bxf3 14. Nxf3 c5 15. e3 b5 16. Qe2 Ra7 17. e4 bxc4 18. bxc4 Rb7 19. cxd5 exd5 20. Rc2 c4 21. Rbc1 Nc5 22. Be5 cxd3 23. Qxd3 dxe4 24. Qd4 Nfd7 25. Bxg7 exf3 26. Bh6 Qe5 27. Qxe5 Nxe5 28. Rxc5 Rxc5 29. Rxc5 Rb1+ 30. Bf1 f6 31. Rc3 g5 32. h4 Kf7 33. hxg5 Kg6 34. Bf8 fxg5 35. Bc5 h5 36. Be3 Ng4 37. Rc6+ Kf5 38. Rc5+ Ke4 39. Bxg5 Ne5 40. Rc1 Rb3 41. Re1+ Kf5 42. Bf4 Ng4 43. Bh3 Rb2 44. Re5+ Kf6 45. Bxg4 hxg4 46. Rxa5 Rb1+ 47. Kh2 1-0


[Site "https://www.chess.com"]

[Event "Titled Tuesday Blitz October 25 Late 2022"]
[White "Sanchez, Robert"]
[Black "Lymar, Vladislav"]
[WhiteFideId "2034360"]
[BlackFideId "14162180"]
[WhiteElo "2406"]
[BlackElo "2094"]
[Result "1-0"]
[Round "05"]
[TimeControl "180+1"]
[Date "2022.10.26"]
[WhiteClock "0:01:27"]
[BlackClock "0:01:50"]

1. e4 c5 2. Nf3 Nc6 3. d4 cxd4 4. Nxd4 Nf6 5. Nc3 e5 6. Ndb5 Bc5 7. Be2 O-O 8. Bg5 Nd4 9. O-O a6 10. Nxd4 Bxd4 11. Nd5 Bxb2 12. Rb1 Ba3 13. Bxf6 gxf6 14. Qd2 Be7 15. Qh6 b5 16. Bg4 d6 17. Bxc8 Rxc8 18. Rb3 1-0


[Site "https://www.chess.com"]

[Event "Titled Tuesday Blitz October 25 Late 2022"]
[White "Sarana, Alexey"]
[Black "Goryachkina, Aleksandra"]
[WhiteFideId "24133795"]
[BlackFideId "4147103"]
[WhiteElo "2689"]
[BlackElo "2484"]
[Result "1-0"]
[Round "05"]
[TimeControl "180+1"]
[Date "2022.10.26"]
[WhiteClock "0:00:52"]
[BlackClock "0:00:02"]

1. c4 e6 2. Nc3 d5 3. d4 Nf6 4. cxd5 exd5 5. Bf4 c6 6. e3 Bf5 7. Nge2 Bd6 8. Bxd6 Qxd6 9. Ng3 Bg6 10. h4 h5 11. Nce2 Ne4 12. Nxe4 Bxe4 13. f3 Bf5 14. Kf2 Nd7 15. Qb3 O-O-O 16. a4 Rhe8 17. a5 a6 18. Ng3 Bg6 19. Be2 Re6 20. Rhc1 Rde8 21. Rc3 Qe7 22. Rac1 Nb8 23. Rh1 Qd6 24. f4 Be4 25. Bxh5 g6 26. Bg4 f5 27. Be2 Nd7 28. Rhc1 Nb8 29. Nxe4 Rxe4 30. Bf3 R4e7 31. Bxd5 Qf6 32. g3 Rc7 33. Bf3 Nd7 34. d5 1-0


[Site "https://www.chess.com"]

[Event "Titled Tuesday Blitz October 25 Late 2022"]
[White "Sargsyan, Anna M."]
[Black "Babazada, Khazar"]
[WhiteFideId "13308130"]
[BlackFideId "13413554"]
[WhiteElo "2284"]
[BlackElo "2367"]
[Result "0-1"]
[Round "05"]
[TimeControl "180+1"]
[Date "2022.10.26"]
[WhiteClock "0:00:03"]
[BlackClock "0:00:01"]

1. d4 Nf6 2. c4 e6 3. Nf3 d5 4. Nc3 Bd6 5. Bg5 c6 6. e3 O-O 7. Bd3 Nbd7 8. Qc2 h6 9. Bh4 Re8 10. O-O-O dxc4 11. Bxc4 b5 12. Bd3 Qa5 13. Kb1 Nd5 14. Nxd5 cxd5 15. g4 Bb7 16. g5 h5 17. g6 f6 18. Qe2 Kf8 19. Nd2 Ke7 20. Qxh5 Rh8 21. Qg4 b4 22. e4 dxe4 23. Bxe4 Bxe4+ 24. Nxe4 Qh5 25. Qxh5 Rxh5 26. Bg3 Bxg3 27. Nxg3 Rg5 28. Rhe1 Rxg6 29. d5 e5 30. f4 Kf7 31. Rc1 exf4 32. Nf5 Ne5 33. Rc7+ Kf8 34. d6 Rd8 35. h4 Rg2 36. h5 f3 37. Rf1 f2 38. Rc2 Nd3 39. Rd2 Rg1 40. Ne3 Rxd6 41. Kc2 Ne1+ 42. Kd1 Re6 43. Rdxf2 Rxf1 44. Nxf1 Nd3 45. Rf3 Ne5 46. Rf2 a5 47. Kc2 Rc6+ 48. Kb3 Nc4 49. Ng3 Rc5 50. Ne4 Rc6 51. h6 gxh6 52. Nxf6 Kg7 0-1


[Site "https://www.chess.com"]

[Event "Titled Tuesday Blitz October 25 Late 2022"]
[White "Sarkar, Justin"]
[Black "Nozdrachev, Leonid"]
[WhiteFideId "2010011"]
[BlackFideId "24113433"]
[WhiteElo "2250"]
[BlackElo "2249"]
[Result "1-0"]
[Round "05"]
[TimeControl "180+1"]
[Date "2022.10.26"]
[WhiteClock "0:00:02"]
[BlackClock "0:00:56"]

1. d4 e5 2. dxe5 Nc6 3. Nf3 Qe7 4. Qd5 f6 5. exf6 Nxf6 6. Qb3 Qb4+ 7. Qxb4 Nxb4 8. Na3 d5 9. c3 Nc6 10. Nb5 Kd7 11. Bf4 Ne8 12. O-O-O a6 13. Rxd5+ Ke6 14. Ng5+ Kxd5 15. e4+ Kc5 16. Be3+ Nd4 17. Nxd4 Kb6 18. Nf7 Rg8 19. Bc4 Bc5 20. b4 Bxd4 21. Bxd4+ c5 22. bxc5+ Ka5 23. Nd6 Rf8 24. Rd1 Nxd6 25. cxd6 Bd7 26. Rd2 Rac8 27. Bd5 b5 28. e5 Rfe8 29. f4 g6 30. Kb2 b4 31. cxb4+ Kxb4 32. a3+ Kb5 33. Re2 Be6 34. Bxe6 Rxe6 35. g4 Rf8 36. Re4 Kc6 37. Be3 Rxf4 38. Rxf4 Rxe5 39. Bd4 Re2+ 40. Kc3 Kxd6 41. Rf7 Rxh2 42. Ra7 Rh3+ 43. Kc4 Kc6 44. Rxa6+ Kb7 45. Ra7+ Kb8 46. a4 Rg3 47. Ra6 Rxg4 48. a5 h5 49. Rb6+ Ka8 50. a6 h4 51. Re6 Kb8 52. Re8+ Kc7 53. a7 Rg1 54. a8=Q Rc1+ 55. Bc3 Kd6 56. Qa6+ Kd7 57. Qe6+ Kc7 58. Rc8+ Kb7 59. Qc6+ Ka7 60. Ra8# 1-0


[Site "https://www.chess.com"]

[Event "Titled Tuesday Blitz October 25 Late 2022"]
[White "Saucey, Michel"]
[Black "Vlassov, Nikolai"]
[WhiteFideId "601845"]
[BlackFideId "4103360"]
[WhiteElo "2253"]
[BlackElo "2324"]
[Result "1/2-1/2"]
[Round "05"]
[TimeControl "180+1"]
[Date "2022.10.26"]
[WhiteClock "0:00:04"]
[BlackClock "0:00:12"]

1. d4 Nf6 2. Nf3 e6 3. c4 Nc6 4. a3 g6 5. Nc3 Bg7 6. g3 O-O 7. Bg2 d6 8. O-O e5 9. d5 Ne7 10. e4 Ne8 11. Ne1 f5 12. Nd3 Nf6 13. Bg5 Bd7 14. Qd2 Kh8 15. Rae1 Neg8 16. f4 exf4 17. Nxf4 Qc8 18. exf5 Bxf5 19. Ne6 Bxe6 20. Rxe6 Nd7 21. Nb5 Rxf1+ 22. Bxf1 Ne5 23. Qe2 a6 24. Nd4 Qf8 25. Bg2 Qf7 26. Nf3 Rf8 27. Nxe5 Bxe5 28. Rxe5 dxe5 29. Qxe5+ Qg7 30. Bf4 Rf7 31. Bh3 h6 32. Be6 Re7 33. c5 g5 34. Qxg7+ Kxg7 35. Be5+ Nf6 36. g4 Kg6 37. Bf5+ Kf7 38. Be6+ Kg6 39. Bf5+ Kf7 40. Be6+ Rxe6 41. dxe6+ Kxe6 42. Bxc7 Nxg4 43. b4 Kd5 44. h3 Ne3 45. Kf2 Nc2 46. Kf3 h5 47. Bd8 g4+ 48. hxg4 hxg4+ 49. Kxg4 Nxa3 50. Kf4 Nc2 51. Ba5 Kc4 52. Ke5 Nxb4 53. Kd6 Nd3 54. c6 bxc6 55. Kxc6 Nc5 56. Kb6 Kd5 57. Bb4 Nd3 58. Kxa6 1/2-1/2


[Site "https://www.chess.com"]

[Event "Titled Tuesday Blitz October 25 Late 2022"]
[White "Sernecki, Franciszek"]
[Black "Jensen, Matthew R"]
[WhiteFideId "1169297"]
[BlackFideId "2018110"]
[WhiteElo "2209"]
[BlackElo "2290"]
[Result "0-1"]
[Round "05"]
[TimeControl "180+1"]
[Date "2022.10.26"]
[WhiteClock "0:01:31"]
[BlackClock "0:00:30"]

1. c4 c6 2. Nc3 d5 3. cxd5 cxd5 4. d4 Nc6 5. Bg5 Nf6 6. Bxf6 gxf6 7. Nf3 Rg8 8. e3 a6 9. Bd3 Rxg2 10. Bxh7 f5 11. Nh4 Rg5 12. f4 Rg7 13. Bxf5 e6 14. Nf3 exf5 15. Qb3 Bb4 16. Kf2 Be6 17. a3 Bxc3 18. Qxb7 Na5 19. Qxa8 Qxa8 20. bxc3 Qc6 21. Rac1 Nb3 22. Rc2 Bd7 23. Rb2 Qxc3 24. Rhb1 Nc1 25. Rb8+ Ke7 26. Ne5 Qd2+ 0-1


[Site "https://www.chess.com"]

[Event "Titled Tuesday Blitz October 25 Late 2022"]
[White "Shipov, Sergei"]
[Black "Ferreira, Vitor Hugo Vieira"]
[WhiteFideId "4113624"]
[BlackFideId "2119765"]
[WhiteElo "2746"]
[BlackElo "2168"]
[Result "1-0"]
[Round "05"]
[TimeControl "180+1"]
[Date "2022.10.26"]
[WhiteClock "0:01:53"]
[BlackClock "0:01:39"]

1. d4 Nf6 2. c4 e6 3. Nc3 Bb4 4. Qc2 O-O 5. a3 Bxc3+ 6. Qxc3 d6 7. f3 c5 8. dxc5 dxc5 9. Bf4 Nc6 10. Rd1 Bd7 11. e3 Re8 12. Ne2 e5 13. Bg5 h6 14. Bxf6 gxf6 15. g4 Qe7 16. Ng3 Be6 17. Bd3 Rad8 18. Kf2 e4 19. Nxe4 Ne5 20. Be2 h5 21. g5 Bf5 22. Nxf6+ Kf8 23. h4 Rxd1 24. Rxd1 Ng6 25. Nxe8 Kxe8 26. Qf6 Qc7 27. f4 Nxh4 28. Bxh5 Bg6 29. Bg4 Bc2 30. Qh8+ Ke7 31. Rd7+ Qxd7 32. Bxd7 Ng6 33. Qc3 1-0


[Site "https://www.chess.com"]

[Event "Titled Tuesday Blitz October 25 Late 2022"]
[White "Sokolovsky, Yahli"]
[Black "Barbero Sendic, Alejandro"]
[WhiteFideId "2820242"]
[BlackFideId "3001288"]
[WhiteElo "2316"]
[BlackElo "2314"]
[Result "1-0"]
[Round "05"]
[TimeControl "180+1"]
[Date "2022.10.26"]
[WhiteClock "0:00:24"]
[BlackClock "0:00:03"]

1. b3 d5 2. e3 Bf5 3. Bb2 e6 4. d4 Nf6 5. Bd3 Nbd7 6. Ne2 Bd6 7. Ng3 Bg6 8. O-O O-O 9. Bxg6 hxg6 10. c4 c6 11. Nc3 Bb4 12. Qe2 Re8 13. f4 Rc8 14. c5 Bxc3 15. Bxc3 b6 16. b4 Ne4 17. Nxe4 dxe4 18. Kh1 Nf6 19. a3 Nd5 20. Bb2 a5 21. bxa5 bxa5 22. a4 Rb8 23. Bc1 Rb3 24. Bd2 Rb2 25. Qe1 Qa8 26. Bxa5 Reb8 27. Bb6 Nxb6 28. cxb6 R8xb6 29. a5 R6b3 30. a6 Qa7 31. Qa5 Rb6 32. Rfc1 Re2 33. Qa3 Rbb2 34. Qd6 Rxg2 35. Qd8+ Kh7 36. Qh4+ Kg8 37. Rxc6 Rgc2 38. Rd6 Rxh2+ 39. Qxh2 Rxh2+ 40. Kxh2 Qe7 41. Kg3 Qa7 42. Rd7 1-0


[Site "https://www.chess.com"]

[Event "Titled Tuesday Blitz October 25 Late 2022"]
[White "Srbis, Jurica"]
[Black "Bruha, Nicholas"]
[WhiteFideId "14515555"]
[BlackFideId "30938988"]
[WhiteElo "2481"]
[BlackElo "2211"]
[Result "0-1"]
[Round "05"]
[TimeControl "180+1"]
[Date "2022.10.26"]
[WhiteClock "0:00:21"]
[BlackClock "0:01:12"]

1. e4 d6 2. d4 Nf6 3. Nc3 e5 4. Nf3 Nbd7 5. Bc4 Be7 6. O-O O-O 7. Re1 a6 8. a4 b6 9. h3 Bb7 10. Ba2 b5 11. axb5 axb5 12. b4 d5 13. dxe5 Nxe4 14. Nxb5 Bxb4 15. Re3 c6 16. Nd6 Nxd6 17. exd6 Bxd6 18. Bb2 f6 19. Nd4 Re8 20. Ne6 Qb6 21. Qg4 Re7 22. Bd4 c5 23. Rb1 Qc6 24. Ba1 Ne5 25. Bxe5 Bxe5 26. Bb3 Qxe6 27. Qxe6+ Rxe6 28. f4 Bd4 0-1


[Site "https://www.chess.com"]

[Event "Titled Tuesday Blitz October 25 Late 2022"]
[White "Stanisz, Patryk"]
[Black "Graif, William"]
[WhiteFideId "1123106"]
[BlackFideId "2609835"]
[WhiteElo "2069"]
[BlackElo "2205"]
[Result "0-1"]
[Round "05"]
[TimeControl "180+1"]
[Date "2022.10.26"]
[WhiteClock "0:00:01"]
[BlackClock "0:00:04"]

1. d4 Nf6 2. c4 e5 3. dxe5 Ng4 4. e3 d6 5. exd6 Bxd6 6. Be2 h5 7. Nc3 Nc6 8. Nf3 Be6 9. h3 Nge5 10. b3 Qf6 11. Bb2 Bb4 12. Qc1 Qg6 13. a3 Qxg2 14. Rf1 Nxf3+ 15. Bxf3 Qxf3 16. axb4 Nxb4 17. Ra4 Nd3+ 18. Kd2 Nxc1 19. Kxc1 O-O 20. Ra5 Bxh3 21. Rg1 Qxf2 22. Rag5 Bg4 0-1


[Site "https://www.chess.com"]

[Event "Titled Tuesday Blitz October 25 Late 2022"]
[White "Storey, Charles H"]
[Black "Pakleza, Zbigniew"]
[WhiteFideId "406686"]
[BlackFideId "1119290"]
[WhiteElo "2252"]
[BlackElo "2411"]
[Result "1-0"]
[Round "05"]
[TimeControl "180+1"]
[Date "2022.10.26"]
[WhiteClock "0:00:22"]
[BlackClock "0:00:01"]

1. c4 c6 2. d4 d5 3. Nc3 Nf6 4. Nf3 Qb6 5. c5 Qc7 6. Bg5 Bf5 7. e3 Nbd7 8. Bh4 b6 9. Bg3 Qb7 10. cxb6 axb6 11. Bd3 Bxd3 12. Qxd3 e6 13. O-O Be7 14. Rfc1 O-O 15. a4 Rfc8 16. h3 h6 17. Rab1 c5 18. b3 Ne4 19. Bf4 c4 20. bxc4 Rxc4 21. Nd2 Nxd2 22. Qxd2 Bb4 23. Qb2 Bxc3 24. Rxc3 Raxa4 25. Rxc4 Rxc4 26. Qb5 Qc6 27. Qa6 Rc2 28. g4 g5 29. Bg3 Kg7 30. Qa7 Rc1+ 31. Rxc1 Qxc1+ 32. Kg2 Qc6 33. Qa6 f6 34. h4 Kf7 35. h5 e5 36. dxe5 fxe5 37. Kh2 Qe6 38. Qd3 e4 39. Qe2 Ne5 40. Bxe5 Qxe5+ 41. Kh3 Qc7 42. Qb5 Qd6 43. Qa6 Ke7 44. Qb7+ Ke6 45. Qg7 1-0


[Site "https://www.chess.com"]

[Event "Titled Tuesday Blitz October 25 Late 2022"]
[White "Stoyanov, Tsvetan"]
[Black "Sivakumar, Shaaketh"]
[WhiteFideId "2917173"]
[BlackFideId "30940176"]
[WhiteElo "2349"]
[BlackElo "2174"]
[Result "1-0"]
[Round "05"]
[TimeControl "180+1"]
[Date "2022.10.26"]
[WhiteClock "0:00:08"]
[BlackClock "0:00:05"]

1. e4 e6 2. d4 d5 3. Nd2 c5 4. Ngf3 Nc6 5. Bb5 a6 6. Bxc6+ bxc6 7. O-O Nf6 8. e5 Nd7 9. c3 a5 10. b3 Ba6 11. Re1 Be7 12. Ba3 cxd4 13. Bxe7 Qxe7 14. cxd4 O-O 15. Qc1 c5 16. Qa3 Rfc8 17. Rac1 Qf8 18. dxc5 Nxc5 19. Qxa5 Nd3 20. Rxc8 Qxc8 21. Rb1 Nxf2 22. Kxf2 Bd3 23. Rc1 Qb7 24. Qc7 Qa6 25. a4 h6 26. Kg3 Bf5 27. Qc6 Qa7 28. Qc5 Qb8 29. Qb5 Qd8 30. Rc6 f6 31. Rd6 Qe7 32. Qd7 Qf8 33. Nh4 fxe5 34. Nxf5 exf5 35. Qe6+ Kh8 36. Qxd5 Re8 37. Re6 Rd8 38. Qxe5 Kh7 39. Nf3 Qf7 40. Re7 Qg6+ 41. Kf2 Qb6+ 42. Qe3 Qc6 43. h4 Qc2+ 44. Kg3 Qc6 45. Qe5 Qg6+ 46. Kh2 Qg4 47. a5 f4 48. Qe4+ Kg8 49. Qe6+ Qxe6 50. Rxe6 Rb8 51. Rb6 Rd8 52. a6 g5 53. a7 g4 54. Rb8 g3+ 55. Kh3 Kg7 56. Rxd8 Kg6 57. a8=Q Kh5 58. Qd5+ Kg6 59. Qe6+ Kh7 60. Qf7# 1-0


[Site "https://www.chess.com"]